 Dungeon Crawl Stone Soup version 0.22-a0-348-gd16d1391c7 (webtiles) character file.

13803 Laan the Grappler (level 11, 0/97 HPs)
             Began as a Minotaur Transmuter on Apr 12, 2018.
             Was a Priest of Qazlal.
             Slain by a sky beast (2 damage)
             ... on level 10 of the Dungeon.
             The game lasted 01:02:41 (13702 turns).

Laan the Grappler (Minotaur Transmuter)            Turns: 13702, Time: 01:02:41

Health: 0/97       AC:  2    Str: 19    XL:     11   Next: 80%
Magic:  15/18      EV:  5    Int: 13    God:    Qazlal [***...]
Gold:   583        SH:  0    Dex: 15    Spells: 6/21 levels left

rFire    . . .     SeeInvis .     - Unarmed
rCold    . . .     Gourm    .   (shield currently unavailable)
rNeg     + + +     Faith    .   (armour currently unavailable)
rPois    ∞         Spirit   .   (helmet currently unavailable)
rElec    .         Reflect  .   (cloak currently unavailable)
rCorr    .         Harm     .   (gloves currently unavailable)
MR       .....                  (boots currently unavailable)
Stlth    +.........             t - amulet of regeneration
HPRegen  0.66/turn              n - +3 ring of strength
MPRegen  0.16/turn              (no ring)

@: spider-form (expiring), petrified
A: tiny, (retaliatory headbutt)
a: End Transformation, Upheaval, Elemental Force, Renounce Religion


You were on level 10 of the Dungeon.
You worshipped Qazlal.
Qazlal was most pleased with you.
You were not hungry.
You were a venomous arachnid creature.
You visited 2 branches of the dungeon, and saw 12 of its levels.

You collected 583 gold pieces.

Inventory:

Hand Weapons
 u - a +1 dagger of chaos
 v - the cursed +1 rapier "Loshrod" {freeze, rF+ rC+ Int-2, unknown}
   (You found it on level 4 of the Dungeon)

   It has been specially enchanted to freeze those struck by it, causing extra
   injury to most foes and up to half again as much damage against particularly
   susceptible opponents.
   It can also slow down cold-blooded creatures.
   It affects your intelligence (-2).
   It protects you from fire.
   It protects you from cold.
   It has a curse placed upon it.
Missiles
 a - 13 arrows
 i - 401 stones
 p - 3 javelins (quivered)
Armour
 m - the +1 leather armour of Ashenzari's Wrath {Dex+3}
   (You found it on level 7 of the Dungeon)

   It affects your dexterity (+3).
 x - a +1 leather armour of fire resistance (melded)
 D - a +0 shield
 G - the cursed +0 ring mail of the Saviour {rF+, unknown}
   (You took it off a wight on level 8 of the Dungeon)

   It protects you from fire.
   It has a curse placed upon it.
Magical Staves
 I - an uncursed staff of poison {unknown}
Jewellery
 n - a +3 ring of strength (left front leg)
 t - an amulet of regeneration (around neck)
 B - an uncursed ring of poison resistance {unknown}
 F - an uncursed ring of protection from magic {unknown}
 L - an uncursed ring of wizardry {unknown}
 N - a cursed +2 ring of protection {unknown}
Wands
 b - a wand of digging (20)
 l - a wand of enslavement (5)
Scrolls
 e - 2 scrolls of blinking {unknown}
 f - 4 scrolls of remove curse {unknown}
 g - 4 scrolls of magic mapping {unknown}
 k - 4 scrolls of identify
 o - a scroll of random uselessness {unknown}
 s - 4 scrolls of teleportation {unknown}
 w - 5 scrolls of immolation {unknown}
 y - 2 scrolls of amnesia {unknown}
 E - a scroll of brand weapon {unknown}
 K - a scroll of fear {unknown}
 M - 2 scrolls of enchant armour {unknown}
 O - a scroll of enchant weapon {unknown}
Potions
 c - 2 potions of cancellation
 h - 2 potions of flight
 j - 3 potions of heal wounds
 q - a potion of haste
 r - a potion of mutation
 z - 2 potions of ambrosia {unknown}
 A - a potion of agility {unknown}
 J - 3 potions of lignification {unknown}
Comestibles
 d - 14 rations


   Skills:
 + Level 9.3 Fighting
 - Level 2.1 Dodging
 - Level 4.7 Shields
 * Level 12.0 Unarmed Combat
 + Level 5.5 Spellcasting
 * Level 8.5 Transmutations
 - Level 3.2 Poison Magic


You had 6 spell levels left.
You knew the following spells:

 Your Spells              Type           Power        Failure   Level  Hunger
a - Beastly Appendage     Tmut           ####..       3%          1    None
b - Sticks to Snakes      Tmut           ####....     4%          2    ##.....
c - Spider Form           Tmut/Pois      ###.......   14%         3    ###....
d - Blade Hands           Tmut           ####......   32%         5    ######.
e - Ice Form              Ice/Tmut       ##......     52%         4    ####...


Dungeon Overview and Level Annotations

Branches:
Dungeon (11/15)            Temple (1/1) D:7            Lair (0/6) D:9
    Orc: D:9-12

Altars:
Ashenzari
Cheibriados
Dithmenos
Elyvilon
Fedhas
Gozag
Hepliaklqana
Kikubaaqudgha
Makhleb
Nemelex Xobeh
Okawaru
Qazlal
Ru
Sif Muna
Trog
Uskayaw
Vehumet
Wu Jian
Xom
Yredelemnul
Zin
The Shining One

Shops:
D:9 %

Annotations:
D:10 Psyche


Innate Abilities, Weirdness & Mutations

((You reflexively headbutt those who attack you in melee.))
((You have a pair of horns on your head.))


Message History

Something hits you.
* * * LOW HITPOINT WARNING * * *
Something freezes you. Something hits you.
* * * LOW HITPOINT WARNING * * *
Something shocks you.
* * * LOW HITPOINT WARNING * * *
Something hits you!
* * * LOW HITPOINT WARNING * * *
You are electrocuted!
* * * LOW HITPOINT WARNING * * *
Something hits you but does no damage. x2; Something hits you.
* * * LOW HITPOINT WARNING * * *
Something burns you.
* * * LOW HITPOINT WARNING * * *
You hear some strange, mumbled words.
A magic dart appears from out of thin air!
The magic dart hits you!
* * * LOW HITPOINT WARNING * * *
Something hits you.
You die...

#...# ####.#########
#.### #.# #'########
#.# .........# #.#
.........# #.#
.........# #.###
.........# #...#
.........# ###<#
.........# #s##
....)....# #{{#
.........# ##>#
)######### #)## .####
#..# ....## #####.###
###..# #.......#
####'#### #.......#
........######.>.....#


There were no monsters in sight!

Vanquished Creatures
  The ghost of Laan the Cleaver, a novice HOMo of Beogh (D:7)
  5 two-headed ogres
  The ghost of Sassnadas the Severer, a novice MiFi of Qazlal (D:8)
  Pikel (D:6)
  An ugly thing (D:8)
  A kobold demonologist (D:10)
  3 hippogriffs
  Prince Ribbit (D:7)
  3 yaks (D:9)
  A shadow (D:8)
  The ghost of Perturabo the Covered, an amateur HOFi of Beogh (D:4)
  A hungry ghost (D:8)
  A vampire mosquito (D:8)
  Menkaure (D:6)
  Duvessa (D:4)
  2 porcupines (D:9)
  2 orc warriors
  2 ice beasts
  3 slaves (D:5)
  5 phantoms
  5 sky beasts
  4 black bears
  2 centaurs
  4 ogres
  14 big kobolds (D:10)
  9 bullfrogs
  Dowan (D:4)
  6 scorpions
  5 killer bees (D:7)
  A wight (D:8)
  2 howler monkeys
  8 crimson imps
  A quasit (D:8)
  A jelly (D:5)
  A centaur zombie (D:4)
  5 hounds
  3 orc priests
  2 centaur skeletons (D:8)
  3 bullfrog skeletons
  3 iguanas
  13 orc wizards
  13 worker ants
  A hound zombie (D:5)
  3 hound skeletons
  A worker ant zombie (D:10)
  18 adders
  2 shadow imps (D:5)
  2 oozes
  2 adder skeletons
  5 worms
  5 dart slugs
  A leopard gecko (D:4)
  31 orcs
  10 bats
  6 giant cockroaches
  6 hobgoblins
  8 jackals
  11 kobolds
  5 quokkas
  A ball python (D:8)
  6 frilled lizards
  11 goblins
  2 quokka skeletons (D:8)
  10 rats
290 creatures vanquished.

Vanquished Creatures (collateral kills)
  An ogre (D:6)
  4 big kobolds (D:10)
  An iguana (D:3)
  A howler monkey zombie (D:5)
  2 orcs
  A quokka (D:6)
  A leopard gecko skeleton (D:4)
11 creatures vanquished.

Vanquished Creatures (others)
  A slave (D:6)
  An adder (D:7)
  3 fungi (D:9)
  A plant (D:9)
6 creatures vanquished.

Grand Total: 307 creatures vanquished

Notes
Turn   | Place    | Note
-------+----------+-------------------------------------------
     0 | D:1      | Laan the Minotaur Transmuter began the quest for the Orb.
     0 | D:1      | Reached XP level 1. HP: 16/16 MP: 1/1
    43 | D:1      | Reached XP level 2. HP: 20/23 MP: 1/3
   812 | D:1      | Reached XP level 3. HP: 29/29 MP: 4/4
   823 | D:1      | Learned a level 2 spell: Sticks to Snakes
  1139 | D:2      | Reached skill level 4 in Unarmed Combat
  1557 | D:2      | Reached XP level 4. HP: 36/36 MP: 5/5
  2281 | D:3      | Found a snail-covered altar of Cheibriados.
  2282 | D:3      | Found a basalt altar of Yredelemnul.
  2282 | D:3      | Found a blossoming altar of Fedhas.
  2283 | D:3      | Found a shadowy altar of Dithmenos.
  2416 | D:3      | Reached XP level 5. HP: 39/42 MP: 7/7
  2564 | D:4      | Found a shadowy altar of Dithmenos.
  2932 | D:4      | Noticed Perturabo's ghost (amateur HOFi)
  3189 | D:4      | Reached skill level 5 in Unarmed Combat
  3189 | D:4      | Reached XP level 6. HP: 43/51 MP: 2/8
  3897 | D:4      | Found a burning altar of Makhleb.
  3898 | D:4      | Found a shimmering altar of Xom.
  3986 | D:4      | Got an ebony rapier
  4003 | D:4      | Reached XP level 7. HP: 34/57 MP: 7/9
  4492 | D:4      | Noticed Duvessa
  4492 | D:4      | Noticed Dowan
  4514 | D:5      | Entered Level 5 of the Dungeon
  4881 | D:5      | Reached skill level 6 in Unarmed Combat
  6359 | D:5      | Reached XP level 8. HP: 44/67 MP: 6/11
  6364 | D:5      | Learned a level 3 spell: Spider Form
  6787 | D:4      | Killed Perturabo's ghost
  6787 | D:4      | Reached skill level 7 in Unarmed Combat
  6787 | D:4      | Reached skill level 5 in Transmutations
  7403 | D:4      | Killed Dowan
  7408 | D:4      | Killed Duvessa
  7408 | D:4      | Reached skill level 5 in Fighting
  7724 | D:6      | Noticed Pikel
  8316 | D:5      | Reached skill level 8 in Unarmed Combat
  8456 | D:6      | Reached XP level 9. HP: 48/75 MP: 5/13
  8775 | D:6      | Killed Pikel
  8904 | D:6      | Found a glowing golden altar of the Shining One.
  8988 | D:6      | Noticed Menkaure
  8996 | D:6      | Killed Menkaure
  9066 | D:7      | Reached skill level 9 in Unarmed Combat
  9149 | D:7      | Noticed Laan's ghost (novice HOMo)
  9456 | D:7      | Found a staircase to the Ecumenical Temple.
  9463 | Temple   | Entered the Ecumenical Temple
  9520 | Temple   | Became a worshipper of Qazlal Stormbringer
  9661 | D:7      | Noticed Prince Ribbit
  9675 | D:7      | Killed Prince Ribbit
  9774 | D:7      | Killed Laan's ghost
  9774 | D:7      | Reached skill level 1 in Poison Magic
  9774 | D:7      | Reached XP level 10. HP: 71/86 MP: 15/15
  9787 | D:7      | Reached skill level 10 in Unarmed Combat
  9789 | D:7      | Found a shattered altar of Ashenzari.
  9877 | D:7      | Got a spiked leather armour
  9878 | D:7      | Identified the +1 leather armour of Ashenzari's Wrath {Dex+3} (You found it on level 7 of the Dungeon)
 10328 | D:8      | Noticed Sassnadas's ghost (novice MiFi)
 10642 | D:7      | Learned a level 5 spell: Blade Hands
 10647 | D:7      | Learned a level 4 spell: Ice Form
 10893 | D:8      | Noticed a two-headed ogre
 10913 | D:8      | Killed a two-headed ogre
 10913 | D:8      | Reached * piety under Qazlal
 10913 | D:8      | Reached skill level 1 in Shields
 11068 | D:8      | Noticed a two-headed ogre
 11079 | D:8      | Killed a two-headed ogre
 11186 | D:8      | Noticed a two-headed ogre
 11192 | D:8      | Killed a two-headed ogre
 11206 | D:8      | Reached skill level 11 in Unarmed Combat
 11206 | D:8      | Reached XP level 11. HP: 41/94 MP: 14/17
 11322 | D:8      | Noticed a two-headed ogre
 11377 | D:8      | Killed a two-headed ogre
 11377 | D:8      | Reached skill level 5 in Spellcasting
 11525 | D:8      | Reached ** piety under Qazlal
 11536 | D:8      | Got a dazzling ring mail
 11608 | D:8      | Noticed a cyan ugly thing
 11619 | D:8      | Killed a cyan ugly thing
 11851 | D:8      | Killed Sassnadas's ghost
 12054 | D:9      | Found Eptuyn Loci's Food Shoppe.
 12102 | D:9      | Found a sparkling altar of Nemelex Xobeh.
 12234 | D:9      | Noticed a two-headed ogre
 12247 | D:9      | Killed a two-headed ogre
 12781 | D:9      | Found a hide-covered altar of Uskayaw.
 12856 | D:9      | Found a staircase to the Lair.
 12868 | D:10     | Entered Level 10 of the Dungeon
 13187 | D:10     | Reached *** piety under Qazlal
 13271 | D:10     | Reached skill level 12 in Unarmed Combat
 13668 | D:11     | Noticed Psyche
 13701 | D:10     | HP: 4/97 [something (1)]
 13702 | D:10     | Slain by a sky beast

Vault maps used:
D:1:      minmay_arrival_split_and_join
D:3:      chequers_temple_overflow_statue_of_worship, first_ration,
          minivault_26, minmay_fountain_box
D:4:      grunt_temple_overflow_champion_of_chaos, minivault_4,
          nicolae_dithmenos_shadow_blocks, uniq_duvessa
D:5:      cheibrodos_helix_gallery, minmay_misc_feat_rows
D:6:      lemuel_round_altar, nicolae_ossuary_entry_monument, uniq_pikel,
          uniq_menkaure
D:7:      ashenzari_altar_1, temple_green, uniq_prince_ribbit1
D:8:      minmay_the_grid_octo_tiled_octocenter
D:9:      overflow_temple_1_default, marbit_many_paths,
          grunt_lair_entry_orc_guard_hut, serial_shops, shop_statue
D:11:     orc_david_3, uniq_psyche
Temple:   nicolae_temple_x_marks_the_god

Skill      XL: |  1  2  3  4  5  6  7  8  9 10 11 |
---------------+----------------------------------+-----
Transmutations | 2 3 4 5 7 8 |  8.5
Fighting       | 2 3 4 5 7 8 9 |  9.3
Unarmed Combat | 4 5 6 8 9 11 12 | 12.0
Spellcasting   | 2 3 4 5 |  5.5
Poison Magic   | 1 3 |  3.2
Shields        | 3 4 |  4.7
Dodging        | |  2.1

Action                   |  1- 3 |  4- 6 |  7- 9 | 10-12 || total
-------------------------+-------+-------+-------+-------++-------
Melee: Unarmed           |   106 |   171 |   319 |   417 ||  1013
       Headbutt          |    13 |    12 |    47 |    33 ||   105
       Kick              |     7 |    24 |    73 |    57 ||   161
       Punch             |     1 |     4 |     9 |     9 ||    23
Throw: Stone             |    28 |    31 |     1 |       ||    60
       Javelin           |       |       |    13 |     4 ||    17
 Cast: Beastly Appendage |     6 |    20 |    51 |    39 ||   116
       Sticks to Snakes  |       |    16 |    51 |    25 ||    92
       Spider Form       |       |       |       |    19 ||    19
       Blade Hands       |       |       |       |     1 ||     1
Evoke: Wand              |       |       |     5 |       ||     5
  Use: Potion            |       |       |     4 |     1 ||     5
       Scroll            |       |       |     7 |     1 ||     8
 Stab: Sleeping          |     1 |     1 |       |       ||     2
  Eat: Chunk             |     2 |    10 |    15 |    16 ||    43
       Ration            |       |       |     2 |     1 ||     3
Armor: Robe              |    15 |    20 |     8 |       ||    43
       Leather armour    |       |       |    38 |    33 ||    71
       Skin              |       |       |       |    10 ||    10
Dodge: Dodged            |    53 |    98 |   149 |   218 ||   518
Block: Other             |       |       |       |    21 ||    21

Table legend:
 A = Spawn XP
 B = Non-spawn XP
 C = Spawn XP percentage of total XP
 D = Spawn monster count
 E = Non-spawn monster count
 F = Spawn count percentage of total count
 G = Total turns spent on level
                    A         B        C        D         E        F      G
               +---------+---------+-------+---------+---------+-------+---------
         Total |       0 |   19719 |   0.0 |       0 |     298 |   0.0 | 13702
               +---------+---------+-------+---------+---------+-------+---------
           D:1 |       0 |      43 |   0.0 |       0 |      22 |   0.0 |   934
           D:2 |       0 |      59 |   0.0 |       0 |      22 |   0.0 |   729
           D:3 |       0 |      98 |   0.0 |       0 |      25 |   0.0 |  1136
           D:4 |       0 |    1046 |   0.0 |       0 |      26 |   0.0 |  2603
           D:5 |       0 |    1123 |   0.0 |       0 |      34 |   0.0 |  2909
           D:6 |       0 |    1596 |   0.0 |       0 |      26 |   0.0 |   835
           D:7 |       0 |    2509 |   0.0 |       0 |      18 |   0.0 |  1041
           D:8 |       0 |    7888 |   0.0 |       0 |      58 |   0.0 |  1829
           D:9 |       0 |    3002 |   0.0 |       0 |      26 |   0.0 |   784
          D:10 |       0 |    2346 |   0.0 |       0 |      38 |   0.0 |   807
          D:11 |       0 |       9 |   0.0 |       0 |       3 |   0.0 |    27
               +---------+---------+-------+---------+---------+-------+---------
